 Dungeon Crawl Stone Soup version 0.29-a0-330-g52719c12eb (webtiles) character file.

Game seed: 18204206264605337246

7 kae the Insei (level 1, -2/16 HPs)
             Began as a Demigod Transmuter on Apr 23, 2022.
             Slain by a jackal (3 damage)
             ... on level 1 of the Dungeon.
             The game lasted 00:00:07 (131 turns).

kae the Insei (Demigod Transmuter)                   Turns: 131, Time: 00:00:08

Health: -2/16      AC:  2    Str: 11    XL:     1   Next: 73%
Magic:  4/5        EV: 12    Int: 15    God:
Gold:   0          SH:  0    Dex: 14    Spells: 2/3 levels left

rFire   . . .      SeeInvis .     - Unarmed
rCold   . . .      Faith    .   (no shield)
rNeg    . . .      Spirit   .   a - +0 robe
rPois   .          Reflect  .   (helmet currently unavailable)
rElec   .          Harm     .   (no cloak)
rCorr   .          Rampage  .   (no gloves)
Will    .....                   (boots currently unavailable)
Stlth   +.........              (no amulet)
HPRegen 0.05/turn               (no ring)
MPRegen 0.09/turn               (no ring)

@: appendages (expiring)
A: horns 2, talons 2, high MP 1, forlorn, divine attributes
a: End Transformation


You were on level 1 of the Dungeon.
You had temporarily grown beastly horns and talons.
You visited 1 branch of the dungeon, and saw 1 of its levels.

Inventory:

Armour
 a - a +0 robe (worn)
Potions
 b - a potion of lignification


   Skills:
 + Level 1.1 Fighting
 - Level 1.7 Dodging
 + Level 2.8 Unarmed Combat
 + Level 1.9 Spellcasting
 * Level 2.0 Transmutations


You had 2 spell levels left.
You knew the following spells:

 Your Spells              Type           Power      Damage    Failure   Level
a - Beastly Appendage     Tmut           14%        N/A       10%         1

Your spell library contained the following spells:

 Spells                   Type           Power      Damage    Failure   Level
 Wereblood                Tmut           7%         N/A       14%         2
 Spider Form              Tmut/Pois      4%         N/A       41%         3
 Ice Form                 Ice/Tmut       4%         N/A       82%         4


Dungeon Overview and Level Annotations

Branches:
Dungeon (1/15)


Innate Abilities, Weirdness & Mutations

You have temporarily grown beastly horns and talons.
You have an increased reservoir of magic. (+10% MP)
You shall have no god before yourself.
Your divine heritage dramatically boosts your attributes as you level up.


Message History

You closely miss the jackal.
The jackal is severely wounded.
The jackal bites you. The jackal closely misses you.
You hit the jackal but do no damage.
The jackal is severely wounded.
The jackal closely misses you.
Your magical contamination has completely faded away.
You are too injured to fight recklessly!
You are too injured to fight recklessly!
You miss the jackal.
The jackal is severely wounded.
The jackal barely misses you.
You are too injured to fight recklessly!
You are too injured to fight recklessly!
You closely miss the jackal.
The jackal is severely wounded.
The jackal closely misses you. The jackal bites you.
You hit the jackal.
You kill the jackal!
The giant cockroach bites you but does no damage.
You hit the giant cockroach but do no damage.
The giant cockroach bites you.
Casting: Beastly Appendage (safe; 10% risk of failure)
Confirm with . or Enter, or press ? or * to list all spells.
You grow a pair of large bovine horns.
Your feet morph into talons.
The giant cockroach bites you but does no damage.
Your transformation is almost over.
The giant cockroach closely misses you.
You hit the giant cockroach but do no damage.
You claw the giant cockroach.
You kill the giant cockroach!
The jackal bites you.
You hit the jackal but do no damage. The jackal bites you.
* * * LOW HITPOINT WARNING * * *
You barely miss the jackal. Your kick misses the jackal. The jackal bites you.
* * * LOW HITPOINT WARNING * * *
You hit the jackal. You claw the jackal.
The jackal is severely wounded.
The jackal barely misses you. The jackal bites you.
You die...

. #....#.#
#.##.#.### ....
#...†....###....
######........#
..####.####.###
................
..#.#..#.###.###
..........#.# #
.#......#.#@# h.#
#.####...#h###...#
#. #...##.h......#
# #.####.....####
#..........#
###........#
#..........
..#...........
.#.##..........


You could see 2 jackals.

Vanquished Creatures
  An endoplasm (D:1)
  A giant cockroach (D:1)
  A hobgoblin (D:1)
  A jackal (D:1)
  A kobold (D:1)
  A goblin (D:1)
6 creatures vanquished.

Notes
Turn   | Place    | Note
-------+----------+-------------------------------------------
     0 | D:1      | kae the Demigod Transmuter began the quest for the Orb.
     0 | D:1      | Reached XP level 1. HP: 15/15 MP: 5/5
    93 | D:1      | Reached skill level 1 in Fighting
   131 | D:1      | Slain by a jackal

Illustrated notes

Levels and vault maps discovered:
D:1:      minmay_arrival_hallway, layout_basic, serial_shops, shop_statue

Skill      XL: |  1 |
---------------+----+-----
Fighting       | 1 |  1.1
Transmutations | 2 |  2.0
Dodging        | |  1.7
Unarmed Combat | |  2.8
Spellcasting   | |  1.9

Action                   || total
-------------------------++-------
Melee: Unarmed           ||    23
       Kick              ||     4
       Headbutt          ||     1
       Punch             ||     1
 Cast: Beastly Appendage ||     4
Armor: Robe              ||     2
Dodge: Dodged            ||    16

Table legend: (Time is in decaauts)
 A = Elapsed time spent in this place.
 B = Non-inter-level travel time spent in this place.
 C = Inter-level travel time spent in this place.
 D = Time resting spent in this place.
 E = Time spent auto-exploring this place.
 F = Levels seen in this place.
 G = Mean time per level.
                   A        B        C        D        E       F      G
               +--------+--------+--------+--------+--------+-----+--------+
         Total |    130 |    130 |      0 |      0 |     84 |   1 |  130.0 |
       Dungeon |    130 |    130 |      0 |      0 |     84 |   1 |  130.0 |
               +--------+--------+--------+--------+--------+-----+--------+

Top non-repeatable levels by time:
     D:1: 130 daAuts
